 Dungeon Crawl Stone Soup version 0.32-a0-666-ge8a88695a4 (webtiles) character file.

Game seed: 17737386839301826453

33 Esekla the Sneak (level 3, -1/26 HPs)
             Began as an Octopode Delver on Mar 10, 2024.
             Slain by an orc
             ... wielding a +0 short sword
              (3 damage)
             ... on level 5 of the Dungeon.
             The game lasted 00:04:50 (229 turns).

Esekla the Sneak (Octopode Delver)                   Turns: 229, Time: 00:04:51

Health: -1/26      AC:  1    Str: 11    XL:     3   Next: 29%
Magic:  4/4        EV: 13    Int: 14    God:
Gold:   0          SH:  0    Dex: 13    Spells: 3/3 levels left

rFire   . . .        a - +0 falchion
rCold   . . .        (no shield)
rNeg    . . .        (helmet restricted)
rPois   .            (no amulet)
rElec   .            (no ring)
rCorr   .            (no ring)
SInv    .            (no ring)
Will    .....        (no ring)
Stlth   ++           (no ring)
HPRegen 0.24/turn    (no ring)
MPRegen 0.09/turn    (no ring)
                     (no ring)

%: no passive effects
@: lethally poisoned (-1 -> -17), on fire, glowing
A: almost no armour, amphibious, 8 rings, camouflage 1, gelatinous body 1,
(nimble swimmer 1), tentacles
a: no special abilities


You were on level 5 of the Dungeon.
You visited 1 branch of the dungeon, and saw 1 of its levels.

Inventory:

Hand Weapons
 a - a +0 falchion (weapon)
Wands
 d - a wand of mindburst (12)
 f - a wand of digging (3)
Scrolls
 b - a scroll of fog
 c - a scroll of identify {unknown}


   Skills:
 * Level 3.2 Fighting
 + Level 2.0 Long Blades
 * Level 2.3 Dodging
 + Level 7.2 Stealth
 * Level 0.7 Spellcasting


You had 3 spell levels left.
You didn't know any spells.
Your spell library was empty.

Dungeon Overview and Level Annotations

Branches:
Dungeon (5/15)             Temple (0/1) D:5

Altars:
Elyvilon
Nemelex Xobeh

Annotations:
D:5 Edmund


Innate Abilities, Weirdness & Mutations

You cannot wear most types of armour.
You are amphibious.
You can wear up to eight rings at the same time.
Your skin changes colour to match your surroundings (Stealth+).
Your rubbery body absorbs attacks. (AC +1, EV +1)
((You are camouflaged when in or above water. (Stealth+)))
You have tentacles for arms and can constrict up to eight enemies at once.


Message History

A water moccasin comes into view.
The water moccasin moves out of view.
You hit the orc. Your grab misses the orc. You squeeze the orc.
You kill the orc!
You see here a +0 dagger.
Your extra speed is starting to run out.
A bombardier beetle comes into view.
The bombardier beetle moves out of view.
Found a glass wand.
You feel yourself slow down.
An adder comes into view.
The adder hisses angrily.
You hear a shout!
The ogre shouts!
You see here a wand of mindburst (12).
d - a wand of mindburst (12)
The ogre closely misses you. The adder barely misses you.
The scorpion closely misses you. The adder attacks as it pursues you!
The adder bites you but does no damage. The ogre attacks as it pursues you!
The ogre closely misses you. The scorpion attacks as it pursues you!
The scorpion stings you.
You are poisoned.
The scorpion poisons you! The adder bites you but does no damage.
You feel very sick.
You feel sick.
You feel sick. The scorpion stings you.
You feel sick. The scorpion attacks as it pursues you!
The scorpion barely misses you.
You feel sick.
The bombardier beetle sprays incendiary fluid at you.
The burning spray hits you.
You are covered in liquid fire!
The scorpion attacks as it pursues you! The scorpion stings you.
You shake off some of the fire as you move.
The liquid fire burns you!
* * * LOW HITPOINT WARNING * * *
You feel sick. The scorpion attacks as it pursues you! The scorpion stings you.
* * * LOW HITPOINT WARNING * * *
You are more poisoned.
The scorpion poisons you! The orc hits you with a +0 short sword.
You die...

.##...# ###.# *#..#* .##..##
#.###..#* ###.## #.#...#*
....# #...####### .#@##
#.........## ##.#
##.##...##..## ...#
#..##...##...# #..#
#......o...#.### #..#
#....B@........## #..###
###.....s.........##
#....####....##.S.##.......#
##.#..g...#..##.O.##.......#
.....######................#
.....#****#................#
......,,,.g................#
.....#***##................#
.....# ##..............##


You could see an ogre, a scorpion, a bombardier beetle, a gnoll (wandering), an
adder and an orc.

Vanquished Creatures
  A hound (D:5)
  An orc (D:5)
  A jackal (D:5)
3 creatures vanquished.

Notes
Turn   | Place    | Note
-------+----------+-------------------------------------------
     0 | D:5      | Esekla the Octopode Delver began the quest for the Orb.
     0 | D:5      | Reached XP level 1. HP: 16/16 MP: 1/1
     6 | D:5      | Found a sparkling altar of Nemelex Xobeh.
    19 | D:5      | Found a white marble altar of Elyvilon.
    63 | D:5      | Noticed an iguana
    77 | D:5      | Noticed a howler monkey
    78 | D:5      | Noticed an ogre
    81 | D:5      | Noticed a hound
    87 | D:5      | Noticed a water moccasin
    88 | D:5      | Killed a hound
    88 | D:5      | Noticed a hound
    89 | D:5      | Reached skill level 7 in Stealth
    89 | D:5      | Reached XP level 2. HP: 8/21 MP: 1/3
    89 | D:5      | Reached XP level 3. HP: 10/26 MP: 1/4
   126 | D:5      | Noticed Edmund
   134 | D:5      | Noticed a scorpion
   143 | D:5      | Found a staircase to the Ecumenical Temple.
   143 | D:5      | Noticed an ogre
   185 | D:5      | Noticed a water moccasin
   229 | D:5      | Slain by an orc

Illustrated notes

Levels and vault maps discovered:
D:5:      layout_rooms, mainiacjoe_overflow_big_doors,
          minmay_temple_entry_stoned_glass, st_stairs_11, minmay_starry_boxes,
          uniq_edmund

Skill      XL: |  1 |
---------------+----+-----
Stealth        | 7 |  7.2
Fighting       | |  3.2
Long Blades    | |  2.0
Dodging        | |  2.3
Spellcasting   | |  0.7

Action                     || total
---------------------------++-------
  Melee: Falchion          ||     6
         Tentacles         ||     3
         Constrict         ||     2
    Use: Scroll            ||     2
         Potion            ||     1
 Armour: Skin              ||    11
  Dodge: Dodged            ||    10

Table legend: (Time is in decaauts)
 A = Elapsed time spent in this place.
 B = Non-inter-level travel time spent in this place.
 C = Inter-level travel time spent in this place.
 D = Time resting spent in this place.
 E = Time spent auto-exploring this place.
 F = Levels seen in this place.
 G = Mean time per level.
                   A        B        C        D        E       F      G
               +--------+--------+--------+--------+--------+-----+--------+
         Total |    217 |    217 |      0 |     16 |      0 |   1 |  217.0 |
       Dungeon |    217 |    217 |      0 |     16 |      0 |   1 |  217.0 |
               +--------+--------+--------+--------+--------+-----+--------+

Top non-repeatable levels by time:
     D:5: 217 daAuts
